 Dungeon Crawl Stone Soup version 0.23.2-33-g5129a83184 (webtiles) character file.

Game seed: 5620916340633969074

133 DildoBatman the Conjurer (level 5, -2/35 HPs)
             Began as a Formicid Wizard on July 3, 2019.
             Was an Initiate of Kikubaaqudgha.
             Slain by a killer bee (7 damage)
             ... on level 3 of the Dungeon.
             The game lasted 00:07:31 (1810 turns).

DildoBatman the Conjurer (Formicid Wizard)          Turns: 1810, Time: 00:07:32

Health: -2/35      AC:  2    Str: 11    XL:     5   Next: 39%
Magic:  0/9        EV: 12    Int: 19    God:    Kikubaaqudgha [......]
Gold:   205        SH:  0    Dex:  9    Spells: 3/10 levels left

rFire    . . .     SeeInvis +   b - +0 short sword
rCold    . . .     Gourm    .   (no shield)
rNeg     . . .     Faith    .   j - +0 robe
rPois    .         Spirit   .   (helmet unavailable)
rElec    .         Reflect  .   (no cloak)
rCorr    .         Harm     .   (no gloves)
MR       .....                  (no boots)
Stlth    ++........             e - amulet of the acrobat
HPRegen  0.11/turn              p - ring of flight
MPRegen  0.11/turn              (no ring)

@: lethally poisoned (-2 -> -9), very slightly contaminated, lightly drained
A: permanent stasis, dig shafts and tunnels, four strong arms, antennae 3
a: Dig, Shaft Self, Renounce Religion, Evoke Flight


You were on level 3 of the Dungeon.
You worshipped Kikubaaqudgha.
Kikubaaqudgha was noncommittal.
You were hungry.

You visited 1 branch of the dungeon, and saw 4 of its levels.

You collected 205 gold pieces.

Inventory:

Hand Weapons
 a - a +0 falchion
 b - a +0 short sword (weapon)
Missiles
 c - 7 javelins of penetration
 f - 98 stones (quivered)
 q - 35 arrows
 t - 3 tomahawks
Armour
 j - a +0 robe (worn)
Jewellery
 e - an amulet of the acrobat (around neck)
 p - a ring of flight (left hand)
Scrolls
 d - a scroll of random uselessness {unknown}
 g - a scroll of fear {unknown}
 k - a scroll of teleportation {unknown}
 l - a scroll of magic mapping {unknown}
 r - a scroll of remove curse {unknown}
 s - a scroll of amnesia {unknown}
 u - a scroll of identify {unknown}
Potions
 h - a potion of curing {unknown}
 i - 2 potions of might {unknown}
 m - a potion of cancellation {unknown}
 n - a potion of resistance {unknown}
Comestibles
 o - 8 chunks of flesh
 v - 2 rations


   Skills:
 - Level 1.7(1.2) Dodging
 - Level 2.4(1.8) Stealth
 - Level 3.2(2.7) Spellcasting
 * Level 4.4(3.8) Conjurations
   Level 1.0(0.5) Summonings
   Level 0.8(0.3) Translocations


You had 3 spell levels left.
You knew the following spells:

 Your Spells              Type           Power        Failure   Level  Hunger
a - Conjure Flame         Conj/Fire      #.......     22%         3    ###....
c - Magic Dart            Conj           ###.         3%          1    None
e - Mephitic Cloud        Conj/Pois/Air  #.......     28%         3    ###....

Your spell library contained the following spells:

 Spells                   Type           Power        Failure   Level  Hunger
 Call Imp                 Summ           #.......     19%         2    ##.....
 Slow                     Hex            #.......     24%         2    ##.....
 Blink                    Tloc           Unusable     N/A         2    N/A

Dungeon Overview and Level Annotations

Branches:
Dungeon (4/15)
 Temple: D:4-7

Altars:
Ashenzari
Gozag
Kikubaaqudgha

Annotations:
D:1 exclusion: sensed monster (detected)
D:2 1 exclusion


Innate Abilities, Weirdness & Mutations

You cannot be hasted, slowed, berserked, paralysed or teleported.
You can dig through walls and to a lower floor.
Your four strong arms can wield two-handed weapons with a shield.
You have a pair of large antennae on your head. (SInv)


Message History

The killer bee closely misses you. The killer bee completely misses you.
The killer bee completely misses you.
The killer bee completely misses you. x2
Casting: Mephitic Cloud (safe; 28% risk of failure)
Confirm with . or Enter, or press ? or * to list all spells.
Aiming: Mephitic Cloud (safe; 28% risk of failure)
Press: ? - help, Shift-Dir - straight line, f - killer bee
Aim: a killer bee That beam is likely to hit you.
Continue anyway?
You miscast Mephitic Cloud.
Nothing appears to happen.
The killer bee barely misses you. The killer bee closely misses you.
The killer bee stings you!
You are lethally poisoned!
The killer bee poisons you! The killer bee stings you!
You die...
Kikubaaqudgha rasps: "You have failed me!
Welcome... death!"

...#.#.......#..#####.^.
..#......_...[..#
.....#.......#..# ##.#
#.......#.##
#...##.....##.#
.....####.####.##
.###............# .#
###.#..#####.### #
#....# #.@y## ####.###
###y.# #..y######.#
###...{# #.# ####y###.#
#{.##.# ##..#.## ##y#..#
#.##.#


You could see 2 killer bees.

Vanquished Creatures
  A water moccasin skeleton (D:2)
  5 adders (D:2)
  A worm (D:1)
  A dart slug (D:1)
  2 orcs (D:3)
  A giant cockroach (D:2)
  4 hobgoblins (D:1)
  A ball python (D:1)
  5 bats
  2 frilled lizards
  6 goblins
  7 kobolds
  4 rats
40 creatures vanquished.

Notes
Turn   | Place    | Note
-------+----------+-------------------------------------------
     0 | D:1      | DildoBatman the Formicid Wizard began the quest for the
                  | Orb.
     0 | D:1      | Reached XP level 1. HP: 13/13 MP: 4/4
    39 | D:1      | Reached skill level 1 in Conjurations
   248 | D:1      | Reached XP level 2. HP: 15/19 MP: 3/6
   261 | D:1      | Reached skill level 2 in Conjurations
   561 | D:1      | Reached XP level 3. HP: 22/24 MP: 0/7
   569 | D:1      | Learned a level 3 spell: Conjure Flame
   573 | D:1      | Learned a level 3 spell: Mephitic Cloud
   827 | D:2      | Found an opulent altar of Gozag.
  1025 | D:2      | Reached skill level 3 in Conjurations
  1127 | D:3      | Noticed a killer bee
  1194 | D:1      | Reached XP level 4. HP: 12/30 MP: 0/8
  1382 | D:2      | Reached skill level 4 in Conjurations
  1382 | D:2      | Reached XP level 5. HP: 22/35 MP: 5/9
  1539 | D:2      | You fall through a shaft for 2 floors!
  1651 | D:3      | Found an ancient bone altar of Kikubaaqudgha.
  1660 | D:3      | Became a worshipper of Kikubaaqudgha
  1667 | D:3      | Found a shattered altar of Ashenzari.
  1810 | D:3      | Slain by a killer bee

Skill      XL: |  1  2  3  4 |
---------------+-------------+-----
Conjurations   | 1 2 3 4 |  4.4
Dodging        | |  1.7
Stealth        | |  2.4
Spellcasting   | |  3.2
Summonings     | |  1.0
Translocations | |  0.8

Action                   |  1- 3 |  4- 6 || total
-------------------------+-------+-------++-------
Melee: Club              |    24 |       ||    24
       Short sword       |    26 |     9 ||    35
Throw: Stone             |     2 |       ||     2
 Cast: Magic Dart        |    75 |    24 ||    99
       Mephitic Cloud    |     1 |     2 ||     3
       Conjure Flame     |       |     1 ||     1
 Abil: Dig               |     2 |     1 ||     3
  Use: Potion            |     1 |       ||     1
 Stab: Sleeping          |     1 |       ||     1
  Eat: Chunk             |     2 |     2 ||     4
Armor: Robe              |    13 |       ||    13
Dodge: Dodged            |    96 |    16 ||   112
